AoeStats
← uu

Baltic

510472390Analyzed
4v4 RM · 20h ago on Oct 1, 2026· 47m 3s· 8 players
Game mode
Random Map
Map size
Large (8 player)
Population
200
Speed
Normal
Resources
Standard
Victory
Conquest
Starting age
Dark Age
Ending age
Imperial Age
RankedLock teamsTeams togetherTeam positionsShared explorationLock speedFull tech treeHidden civsTurbo modeCheats
Victory
Defeat
🇭🇰 Khmer · Hong Kong SAR China
1411
+16
🇨🇳 Wu · China
1410
+16
🇨🇳 Malians · China
1393
+16
🇨🇳 Celts · China
1375
+17
🇨🇳 Slavs · China
1478
-19
🇩🇪 Bohemians · Germany
1460
-19
🇮🇳 Spanish · India
1349
-14
🇦🇺 Burmese · Australia
1324
-13
uu
11:13 Feudal Age
15:28 Castle Age
13:40 Horse Collar
14:42 Double-Bit Axe
19:10 Wheelbarrow
19:26 Bow Saw
20:07 Hand Cart
20:48 Heavy Plow
23:45 Stone Mining
23:45 Gold Mining
25:48 Gold Shaft Mining
25:52 Stone Shaft Mining
29:35 Imperial Age
27:50 Loom
27:50 Town Watch
28:31 Forging
28:26 Scale Mail Armor
28:30 Caravan
28:15 Treadmill Crane
28:56 Ballistics
30:54 Iron Casting
30:35 Chain Mail Armor
31:10 Conscription
30:54 Squires
30:40 Arson
30:57 Husbandry
31:08 Bloodlines
32:03 Chemistry
31:16 Elite Gbeto
33:29 Plate Mail Armor
34:17 Scale Barding Armor
36:18 Heavy Camel Rider
37:27 Chain Barding Armor
40:36 Farimba
征南大将军
8:37 Loom
11:21 Feudal Age
15:04 Castle Age
13:29 Horse Collar
13:35 Double-Bit Axe
18:01 Bow Saw
19:46 Heavy Plow
21:38 Wheelbarrow
22:25 Gold Mining
22:27 Stone Mining
22:41 Scale Mail Armor
22:51 Forging
24:32 Hand Cart
24:42 Chain Mail Armor
25:02 Iron Casting
26:12 Iron Casting
25:41 Gambesons
25:43 Arson
27:26 Gold Shaft Mining
26:43 Fletching
28:00 Town Watch
33:18 Imperial Age
30:49 Town Patrol
33:20 Stone Shaft Mining
34:22 Conscription
34:45 Plate Mail Armor
35:15 Blast Furnace
38:18 Hoardings
38:10 Bodkin Arrow
39:10 Murder Holes
41:22 Elite Woad Raider
43:22 Stronghold
43:49 Padded Archer Armor
44:53 Chemistry
44:00 Siege Engineers
45:35 Caravan
46:30 Ballistics
46:21 Masonry
hoot
8:42 Loom
11:24 Feudal Age
11:27 Man-at-Arms
11:53 Arson
11:55 Double-Bit Axe
22:27 Castle Age
21:13 Forging
21:14 Scale Mail Armor
23:12 Squires
23:49 Iron Casting
25:00 Pikeman
27:02 Bow Saw
27:50 Wheelbarrow
30:15 Hand Cart
29:48 Town Watch
36:43 Imperial Age
34:05 Fletching
34:17 Padded Archer Armor
36:16 Chain Mail Armor
37:13 Horse Collar
38:12 Conscription
38:25 Plate Mail Armor
38:58 Blast Furnace
39:00 Two-Man Saw
39:56 Heavy Plow
39:51 Halberdier
43:36 Guilds
43:27 Caravan
43:58 Coinage
45:08 Red Cliffs Tactics
45:44 Bodkin Arrow
47:10 Banking
47:01 Sitting Tiger
46:24 Elite Fire Archer
47:06 Bracer
47:22 Leather Archer Armor
47:30 Ballistics
48:10 Chemistry
屌炸天
10:02 Feudal Age
10:43 Double-Bit Axe
13:31 Loom
18:41 Castle Age
19:28 Bloodlines
19:28 Scale Barding Armor
19:27 Husbandry
19:21 Horse Collar
27:09 Bow Saw
28:46 Chain Barding Armor
29:54 Heavy Plow
31:43 Forging
40:38 Imperial Age
42:17 Cavalier
45:37 Chemistry
44:41 Double Crossbow
46:04 Heavy Scorpion
123456
8:18 Loom
10:56 Feudal Age
11:47 Double-Bit Axe
11:44 Horse Collar
17:59 Gold Mining
20:11 Castle Age
19:08 Fishing Lines
21:28 Fletching
22:03 Stone Mining
23:20 Wheelbarrow
23:52 Bow Saw
26:55 Heavy Plow
28:04 Gillnets
29:32 Town Watch
32:31 Imperial Age
30:22 Scale Barding Armor
31:35 Forging
32:06 Bodkin Arrow
32:34 Pikeman
33:17 Squires
33:20 Scale Mail Armor
33:55 Iron Casting
34:03 Hand Cart
33:31 Halberdier
34:36 Chain Mail Armor
35:31 Two-Man Saw
35:07 Gold Shaft Mining
34:29 Capped Ram
37:00 Conscription
39:11 Plate Mail Armor
39:44 Blast Furnace
40:19 Elite Skirmisher
43:08 Padded Archer Armor
43:31 Chain Barding Armor
k10_g15
10:26 Feudal Age
11:48 Double-Bit Axe
14:35 Loom
15:56 Horse Collar
16:21 Town Watch
19:37 Fletching
22:37 Castle Age
20:40 Gold Mining
20:36 Fishing Lines
23:57 Bow Saw
23:49 Bodkin Arrow
26:41 Wheelbarrow
27:40 Hand Cart
32:57 Heavy Plow
38:12 Imperial Age
35:48 Scale Mail Armor
35:43 Man-at-Arms
36:08 Gambesons
36:25 Squires
36:11 Arson
36:36 Long Swordsman
37:37 Stone Mining
38:06 Chain Mail Armor
38:49 Forging
38:27 Two-Handed Swordsman
40:26 Coinage
41:03 Iron Casting
41:13 Conscription
41:40 Plate Mail Armor
40:57 Champion
43:27 Blast Furnace
Maruvian
9:15 Loom
11:38 Feudal Age
12:10 Double-Bit Axe
12:49 Fishing Lines
17:19 Town Watch
20:45 Castle Age
19:01 Horse Collar
21:45 Bow Saw
21:27 Gillnets
23:29 Heavy Plow
25:21 Fervor
28:22 Imperial Age
27:53 Sanctity
28:44 Chemistry
28:53 Wheelbarrow
29:25 Block Printing
30:44 Hand Cart
30:55 Conscription
32:00 Houfnice
33:36 Padded Archer Armor
34:02 Scale Mail Armor
34:37 Fletching
35:02 Murder Holes
36:57 Pikeman
38:06 Chain Mail Armor
38:12 Halberdier
40:53 Coinage
40:24 Caravan
41:11 Guilds
41:38 Plate Mail Armor
43:14 Forging
44:51 Iron Casting
45:36 Siege Engineers
SpawnShark
3:53 Loom
8:29 Loom
11:06 Feudal Age
12:58 Fletching
16:40 Horse Collar
19:31 Castle Age
17:44 Fishing Lines
20:56 Gillnets
26:40 Bodkin Arrow
28:34 Wheelbarrow
29:58 Gold Mining
33:35 Imperial Age
31:59 Scale Barding Armor
Connection lost

Rejoining the realm…

Still unreachable

The connection could not be restored.

Session expired

The server has moved on; the page needs a fresh start.